AoeStats
← martin.fischer.ac

MegaRandom

509682701Analyzed
3v3 RM · 5d ago on Sep 27, 2026· 62m 26s· 6 players
Game mode
Random Map
Map size
Normal (6 player)
Population
200
Speed
Normal
Resources
Standard
Victory
Conquest
Starting age
Dark Age
Ending age
Imperial Age
RankedLock teamsTeams togetherTeam positionsShared explorationLock speedFull tech treeHidden civsTurbo modeCheats
Victory
Defeat
🇫🇷 Teutons · France
924
+15
🇪🇸 Gurjaras · Spain
917
+16
🇮🇹 Franks · Italy
915
+16
🇧🇪 Vietnamese · Belgium
947
-17
🇹🇷 Magyars · Türkiye
896
-15
🇩🇪 Franks · Germany
885
-15
Loretin
10:11 Feudal Age
10:45 Double-Bit Axe
10:42 Horse Collar
14:36 Wheelbarrow
19:01 Castle Age
22:28 Forging
22:24 Scale Barding Armor
23:33 Hand Cart
33:18 Padded Archer Armor
33:10 Fletching
37:17 Imperial Age
35:05 Heavy Plow
36:28 Bloodlines
37:03 Kshatriyas
37:12 Bodkin Arrow
38:23 Conscription
38:10 Husbandry
41:17 Iron Casting
40:42 Scale Mail Armor
41:02 Chain Barding Armor
42:15 Heavy Camel Rider
47:20 Elite Shrivamsha Rider
53:47 Chain Barding Armor
57:59 Frontier Guards
Rislo69
11:12 Feudal Age
13:29 Double-Bit Axe
14:29 Horse Collar
20:02 Castle Age
18:38 Stone Mining
18:46 Gold Mining
21:59 Bloodlines
26:34 Forging
27:20 Scale Barding Armor
30:30 Town Watch
33:20 Imperial Age
31:30 Wheelbarrow
30:53 Loom
32:03 Heavy Plow
32:17 Bow Saw
33:04 Iron Casting
33:07 Squires
32:53 Arson
32:29 Pikeman
32:55 Gambesons
33:13 Scale Mail Armor
34:28 Conscription
34:44 Caravan
34:13 Cavalier
36:44 Blast Furnace
37:44 Hand Cart
38:56 Two-Man Saw
38:51 Elite Teutonic Knight
39:52 Halberdier
41:39 Ironclad
42:52 Chain Mail Armor
45:05 Plate Mail Armor
44:56 Chain Barding Armor
44:37 Padded Archer Armor
48:21 Elite Skirmisher
50:52 Leather Archer Armor
51:14 Plate Barding Armor
50:01 Paladin
TaK_Attack
3:10 Loom
11:11 Feudal Age
19:07 Castle Age
17:50 Double-Bit Axe
25:55 Wheelbarrow
29:26 Hand Cart
34:52 Imperial Age
32:25 Gold Mining
33:08 Husbandry
33:15 Scale Barding Armor
34:11 Bow Saw
35:42 Forging
36:27 Conscription
35:45 Cavalier
39:08 Iron Casting
41:17 Blast Furnace
41:59 Chain Barding Armor
44:14 Plate Barding Armor
44:09 Paladin
51:40 Pikeman
55:17 Light Cavalry
61:44 Fletching
EyesOfWar
5:08 Loom
11:03 Feudal Age
18:42 Castle Age
17:56 Double-Bit Axe
17:51 Horse Collar
18:59 Crossbowman
20:35 Fletching
28:13 Wheelbarrow
27:49 Bow Saw
27:40 Heavy Plow
28:52 Scale Mail Armor
29:04 Squires
29:30 Hand Cart
29:35 Padded Archer Armor
30:24 Devotion
30:36 Herbal Medicine
35:12 Imperial Age
33:53 Bodkin Arrow
33:22 Elite Skirmisher
34:21 Town Watch
35:06 Forging
35:12 Chain Mail Armor
35:54 Imperial Skirmisher
38:01 Leather Archer Armor
37:47 Bracer
40:07 Ring Archer Armor
39:49 Forging
40:16 Ballistics
42:31 Chemistry
40:59 Pikeman
41:59 Thumb Ring
44:56 Gold Mining
46:13 Two-Man Saw
45:51 Crop Rotation
46:17 Halberdier
49:56 Paper Money
49:33 Man-at-Arms
49:59 Arson
52:29 Long Swordsman
PatriotTURK
2:05 Loom
10:37 Feudal Age
11:05 Double-Bit Axe
11:02 Horse Collar
14:14 Wheelbarrow
19:14 Castle Age
18:52 Gold Mining
18:59 Stone Mining
20:32 Bow Saw
23:21 Heavy Plow
25:17 Corvinian Army
29:04 Husbandry
29:21 Bloodlines
33:28 Imperial Age
32:08 Scale Barding Armor
32:04 Scale Mail Armor
32:55 Hand Cart
33:27 Town Watch
35:04 Crop Rotation
35:01 Conscription
35:20 Elite Magyar Huszar
36:20 Chain Mail Armor
36:27 Chain Barding Armor
37:02 Town Patrol
38:30 Two-Man Saw
42:15 Ballistics
42:56 Chemistry
42:56 Plate Barding Armor
martin.fischer.ac
10:08 Loom
12:06 Feudal Age
17:40 Castle Age
16:35 Double-Bit Axe
21:30 Wheelbarrow
24:23 Fletching
25:34 Hand Cart
26:30 Bow Saw
26:20 Bodkin Arrow
27:38 Town Watch
29:10 Scale Barding Armor
30:11 Husbandry
29:32 Light Cavalry
31:03 Chain Barding Armor
30:54 Forging
30:51 Gold Mining
30:43 Pikeman
31:23 Squires
31:09 Arson
31:45 Scale Mail Armor
31:45 Padded Archer Armor
35:26 Imperial Age
33:52 Gold Shaft Mining
35:20 Stone Mining
36:37 Conscription
35:42 Cavalier
37:01 Plate Barding Armor
37:05 Iron Casting
37:55 Paladin
39:03 Town Patrol
40:12 Chivalry
44:27 Elite Throwing Axeman
45:03 Halberdier
53:49 Chain Mail Armor
Connection lost

Rejoining the realm…

Still unreachable

The connection could not be restored.

Session expired

The server has moved on; the page needs a fresh start.